 Dungeon Crawl Stone Soup version 0.27-b1-2-g8387495791 (webtiles) character file.

Game seed: 11453427726982270284

83 pikapanic the Chopper (level 4, -2/33 HPs)
             Began as a Demonspawn Gladiator on July 26, 2021.
             Was a Believer of Fedhas.
             Slain by a gnoll sergeant (7 damage)
             ... on level 3 of the Dungeon.
             The game lasted 00:10:11 (2602 turns).

pikapanic the Chopper (Demonspawn Gladiator)        Turns: 2602, Time: 00:10:12

Health: -2/33      AC:  6    Str: 15    XL:     4   Next: 22%
Magic:  4/4        EV: 11    Int: 16    God:    Fedhas [**....]
Gold:   47         SH:  0    Dex: 14    Spells: 3/3 levels left

rFire    . . .     SeeInvis .   a - +0 war axe
rCold    . . .     Faith    .   (no shield)
rNeg     . . .     Spirit   .   e - +0 ring mail
rPois    .         Reflect  .   c - +0 helmet
rElec    .         Harm     .   (no cloak)
rCorr    .         Rampage  .   (no gloves)
Will     .....                  (no boots)
Stlth    +.........             (no amulet)
HPRegen  0.11/turn              j - +6 ring of intelligence
MPRegen  0.18/turn              (no ring)

@: no status effects
A: magic regeneration
a: Renounce Religion, Wall of Briars


You were on level 3 of the Dungeon.
You worshipped Fedhas.
Fedhas was pleased with you.
You visited 1 branch of the dungeon, and saw 3 of its levels.

You collected 47 gold pieces.

Inventory:

Hand Weapons
 a - a +0 war axe (weapon)
 o - a +4 flail
 p - a +0 falchion
Missiles
 d - 3 throwing nets (quivered)
Armour
 b - a +0 leather armour
 c - a +0 helmet (worn)
 e - a +0 ring mail (worn)
Jewellery
 j - a +6 ring of intelligence (left hand)
Scrolls
 h - a scroll of immolation {unknown}
 i - a scroll of teleportation {unknown}
 k - a scroll of summoning {unknown}
 l - 2 scrolls of magic mapping {unknown}
 n - a scroll of identify {unknown}
Potions
 f - a potion of resistance {unknown}
 g - a potion of heal wounds {unknown}
 m - a potion of degeneration {unknown}
 q - 2 potions of attraction {unknown}


   Skills:
 - Level 2.0 Fighting
 + Level 4.3 Axes
 - Level 1.7 Throwing
 - Level 1.4 Armour
 - Level 2.6 Dodging


You had 3 spell levels left.
You didn't know any spells.
Your spell library was empty.

Dungeon Overview and Level Annotations

Branches:
Dungeon (3/15)

Altars:
Fedhas


Innate Abilities, Weirdness & Mutations

You regenerate magic rapidly.


Message History

The gnoll hits you from afar with a +0 halberd!
The gnoll barely misses you.
A briar patch grows up from the ground. x2; The gnoll closely misses you.
You walk carefully through the plants.
The gnoll hits your briar patch with a +0 halberd!
The gnoll is struck by your briar patch's thorns.
The gnoll hits your briar patch with a +0 flail.
The gnoll hits your briar patch with a +0 flail!
Your briar patch is destroyed!
The gnoll sergeant completely misses your briar patch.
The gnoll sergeant hits your briar patch but does no damage.
The gnoll sergeant hits your briar patch with a +0 spear.
The gnoll sergeant barely misses you.
The gnoll sergeant hits your briar patch with a +0 spear.
The gnoll sergeant hits your briar patch with a +0 spear.
The gnoll sergeant hits your briar patch with a +0 spear!
Your briar patch is destroyed!
The gnoll sergeant hits you but does no damage.
The gnoll sergeant closely misses you.
You hit the gnoll sergeant but do no damage.
The gnoll sergeant barely misses you.
The gnoll sergeant hits you with a +0 spear.
You closely miss the gnoll sergeant. The gnoll sergeant barely misses you.
You hit the gnoll sergeant.
The gnoll sergeant is lightly wounded.
The gnoll sergeant completely misses you.
The gnoll sergeant blocks your attack.
The gnoll sergeant is lightly wounded.
The gnoll sergeant closely misses you. The gnoll sergeant blocks your attack.
The gnoll sergeant is lightly wounded.
The gnoll sergeant hits you with a +0 spear!
The gnoll sergeant hits you but does no damage.
You hit the gnoll sergeant.
The gnoll sergeant is moderately wounded.
The gnoll sergeant hits you with a +0 spear!
* * * LOW HITPOINT WARNING * * *
The gnoll sergeant hits you from afar with a +0 spear!
You die...
Fedhas appreciates your contribution to the ecosystem.

##### ####(..##########
#.....gggggg.@..##############
#....†#...#######................
...#..##### #..####.........#
###g.g# #..# #.#...)...# #....
#.#.# #.#....(... #...# ..###.
...<.......# ....# #.#
#.##.#.....).# .###.. ..#
##.#.#........ .# ##....####.##.#


You could see a gnoll sergeant and 5 gnolls.

Vanquished Creatures
  2 adders
  2 dart slugs
  An orc (D:2)
  10 endoplasms
  3 giant cockroaches
  3 hobgoblins
  2 jackals (D:1)
  5 quokkas
  3 ball pythons
  5 bats
  3 frilled lizards (D:1)
  8 goblins
  3 kobolds
  4 rats
54 creatures vanquished.

Notes
Turn   | Place    | Note
-------+----------+-------------------------------------------
     0 | D:1      | pikapanic the Demonspawn Gladiator began the quest for the
                  | Orb.
     0 | D:1      | Reached XP level 1. HP: 16/16 MP: 1/1
   322 | D:1      | Reached skill level 3 in Axes
   499 | D:1      | Gained mutation: You regenerate magic rapidly. [demonic
                  | ancestry]
   499 | D:1      | Reached XP level 2. HP: 19/22 MP: 2/2
   883 | D:1      | Found a faded altar of an unknown god.
   885 | D:1      | Became a worshipper of Fedhas Madash
   885 | D:1      | Reached * piety under Fedhas
  1008 | D:1      | Reached XP level 3. HP: 24/27 MP: 3/3
  1606 | D:2      | Reached skill level 4 in Axes
  2037 | D:2      | Reached skill level 1 in Armour
  2245 | D:2      | Reached ** piety under Fedhas
  2256 | D:2      | Reached XP level 4. HP: 27/33 MP: 4/4
  2566 | D:3      | Noticed a gnoll sergeant
  2602 | D:3      | Slain by a gnoll sergeant

Illustrated notes

Levels and vault maps discovered:
D:1:      dpeg_arrival_boxes_within_box, layout_basic,
          chequers_ecumenical_altar_twisty, feat_on_display
D:2:      minmay_door_path, layout_loops_cross, item_on_display_a
D:3:      layout_loops_ring, minmay_fractal_squares_gapless_5

Skill      XL: |  1  2  3 |
---------------+----------+-----
Axes           | 3 4 |  4.3
Armour         | 1 |  1.4
Fighting       | |  2.0
Throwing       | |  1.7
Dodging        | |  2.6

Action                   |  1- 3 |  4- 6 || total
-------------------------+-------+-------++-------
Melee: War axe           |   112 |    19 ||   131
Invok: Wall of Briars    |       |     1 ||     1
Armor: Ring mail         |    74 |     7 ||    81
       Leather armour    |     3 |       ||     3
       Skin              |     1 |       ||     1
Dodge: Dodged            |   109 |    15 ||   124
